 Dungeon Crawl Stone Soup version 0.25-b1-29-g4cfa5c7 (webtiles) character file.

Game seed: 2592331553770905015, levelgen mode: deterministic

2219 Dorkslayer the Cleaver (level 9, -13/79 HPs)
             Began as a Hill Orc Fighter on June 1, 2020.
             Was a Priest of Okawaru.
             Mangled by Menkaure (16 damage)
             ... on level 7 of the Dungeon.
             The game lasted 00:28:19 (5442 turns).

Dorkslayer the Cleaver (Hill Orc Fighter)           Turns: 5442, Time: 00:28:20

Health: -13/79     AC: 15    Str: 21    XL:     9   Next: 35%
Magic:  9/9        EV:  4    Int:  8    God:    Okawaru [***...]
Gold:   363        SH: 10    Dex: 11    Spells: 8/8 levels left

rFire    . . .     SeeInvis .   a - +0 war axe
rCold    . . .     Gourm    .   c - +0 kite shield
rNeg     . . .     Faith    .   u - +0 plate armour (curse)
rPois    .         Spirit   .   j - +0 helmet
rElec    .         Reflect  .   (no cloak)
rCorr    .         Harm     .   h - +0 pair of gloves
MR       .....                  (no boots)
Stlth    ..........             (no amulet)
HPRegen  0.23/turn              (no ring)
MPRegen  0.11/turn              (no ring)

@: no status effects
A: no striking features
a: Heroism, Renounce Religion


You were on level 7 of the Dungeon.
You worshipped Okawaru.
Okawaru was most pleased with you.
You were not hungry.

You visited 1 branch of the dungeon, and saw 7 of its levels.

You collected 363 gold pieces.

Inventory:

Hand Weapons
 a - a +0 war axe (weapon)
Missiles
 n - 24 poisoned darts (quivered)
Armour
 c - a +0 kite shield (worn)
 h - a +0 pair of gloves (worn)
 j - a +0 helmet (worn)
 u - a cursed +0 plate armour (worn)
Wands
 s - a wand of polymorph (9)
Scrolls
 b - a scroll of enchant armour {unknown}
 e - 2 scrolls of fog {unknown}
 g - a scroll of silence {unknown}
 i - 2 scrolls of random uselessness {unknown}
 m - 2 scrolls of magic mapping {unknown}
 o - 2 scrolls of remove curse {unknown}
 r - a scroll of identify
 t - a scroll of fear {unknown}
 w - a scroll of blinking {unknown}
 x - a scroll of teleportation
Potions
 p - a potion of magic
 q - a potion of mutation
 v - a potion of flight
Comestibles
 d - 5 chunks of flesh
 f - 3 rations


   Skills:
 * Level 7.3 Fighting
 + Level 9.2 Axes
 * Level 5.1 Throwing
 + Level 5.7 Armour
 + Level 0.4 Dodging
 + Level 0.2 Stealth
 + Level 5.7 Shields
 + Level 0.1 Invocations


You had 8 spell levels left.
You didn't know any spells.
Your spell library contained the following spells:

 Spells                   Type           Power        Failure   Level  Hunger
 Infusion                 Chrm           #...         100%        1    ##.....
 Shroud of Golubria       Chrm/Tloc      #.....       100%        2    ###....
 Song of Slaying          Chrm           #.......     100%        2    ###....
 Ozocubu's Armour         Chrm/Ice       #.......     100%        3    ####...
 Spectral Weapon          Hex/Chrm       #.......     100%        3    ####...


Dungeon Overview and Level Annotations

Branches:
Dungeon (7/15)             Temple (0/1) D:6

Altars:
Cheibriados
Kikubaaqudgha
Makhleb
Nemelex Xobeh
Okawaru
Uskayaw
Wu Jian

Annotations:
D:7 Menkaure


Message History

Menkaure is moderately damaged.
Menkaure gestures wildly while chanting.
Menkaure seems to speed up.
You barely miss Menkaure.
Menkaure is moderately damaged.
Menkaure hits you!
* * * LOW HITPOINT WARNING * * *
Okay, then.
Evoke which item? (* to show all) (? for menu, Esc to quit)
Okay, then.
Okay, then.
You hit Menkaure but do no damage.
Menkaure is moderately damaged.
Menkaure hits you!
* * * LOW HITPOINT WARNING * * *
You hit Menkaure but do no damage.
Menkaure is moderately damaged.
Menkaure gestures ominously.
Menkaure hits you!
You die...

#.# #.# #.# #F. #.#
#.######## #.#
.........###.###.##
.........MF...≈≈≈≈#
≈≈≈#####@###≈≈≈≈≈≈#
#.≈≈≈≈≈≈≈≈≈#
≈≈≈≈≈≈≈≈≈≈≈#
≈≈≈≈≈≈≈≈≈≈###
≈≈≈≈≈≈≈≈≈.##
≈≈≈≈≈≈≈###.#
#####.### .# #.#


You could see Menkaure (fast) and a bullfrog.

Vanquished Creatures
  The ghost of Notta the Conjurer, an amateur DrCj (D:3)
  A spriggan (D:5)
  A hungry ghost (D:4)
  A sky beast (D:6)
  A phantom (D:5)
  A hornet zombie (D:6)
  2 centaurs
  3 ogres
  A big kobold (D:5)
  A bullfrog (D:6)
  3 scorpions
  2 hounds (D:6)
  A centaur skeleton (D:6)
  2 bullfrog skeletons
  2 jellies
  An orc priest (D:5)
  Jessica (D:2)
  Ijyb (D:3)
  2 orc wizards
  3 iguanas
  4 worker ants (D:5)
  Robin (D:2)
  A howler monkey skeleton (D:6)
  6 gnolls
  8 adders
  A shadow imp (D:5)
  An ooze (D:3)
  5 worms
  4 dart slugs
  3 leopard geckos
  7 orcs
  6 giant cockroaches
  21 goblins
  10 hobgoblins
  11 jackals
  5 quokkas
  2 ball pythons
  6 bats
  3 frilled lizards
  7 kobolds
  15 rats
158 creatures vanquished.

Vanquished Creatures (others)
  An orc (D:5)
  A giant cockroach (D:5)
2 creatures vanquished.

Grand Total: 160 creatures vanquished

Notes
Turn   | Place    | Note
-------+----------+-------------------------------------------
     0 | D:1      | Dorkslayer the Hill Orc Fighter began the quest for the
                  | Orb.
     0 | D:1      | Reached XP level 1. HP: 19/19 MP: 1/1
   256 | D:1      | Reached XP level 2. HP: 27/27 MP: 2/2
   724 | D:1      | Reached skill level 1 in Throwing
  1031 | D:1      | Reached XP level 3. HP: 33/33 MP: 3/3
  1087 | D:2      | Found an iron altar of Okawaru.
  1091 | D:2      | Became a worshipper of Warmaster Okawaru
  1141 | D:2      | Reached skill level 3 in Axes
  1444 | D:2      | Noticed Jessica
  1453 | D:2      | Killed Jessica
  1453 | D:2      | Reached XP level 4. HP: 31/40 MP: 4/4
  1750 | D:2      | Noticed a centaur
  1766 | D:2      | Killed a centaur
  1766 | D:2      | Reached skill level 4 in Axes
  1766 | D:2      | Reached XP level 5. HP: 31/47 MP: 5/5
  1924 | D:3      | Noticed Ijyb
  1933 | D:3      | Killed Ijyb
  1933 | D:3      | Reached skill level 5 in Axes
  2009 | D:2      | Found a sparkling altar of Nemelex Xobeh.
  2009 | D:2      | Noticed Robin
  2023 | D:2      | Reached XP level 6. HP: 53/53 MP: 6/6
  2038 | D:2      | Killed Robin
  2038 | D:2      | Reached * piety under Okawaru
  2350 | D:3      | Found a runed translucent door.
  2350 | D:3      | Noticed Notta's ghost (amateur DrCj)
  2466 | D:3      | Killed Notta's ghost
  2466 | D:3      | Reached skill level 5 in Fighting
  2466 | D:3      | Reached skill level 6 in Axes
  2466 | D:3      | Reached XP level 7. HP: 61/61 MP: 4/7
  3278 | D:4      | Found a hide-covered altar of Uskayaw.
  3278 | D:4      | Found a burning altar of Makhleb.
  3279 | D:4      | Found an ornate altar of the Wu Jian Council.
  3512 | D:4      | Noticed a hungry ghost
  3539 | D:4      | Killed a hungry ghost
  3539 | D:4      | Reached ** piety under Okawaru
  3539 | D:4      | Reached skill level 7 in Axes
  3728 | D:5      | Entered Level 5 of the Dungeon
  3762 | D:5      | Reached XP level 8. HP: 69/70 MP: 8/8
  4116 | D:5      | Reached skill level 8 in Axes
  4116 | D:5      | Reached skill level 5 in Armour
  4194 | D:5      | Found a snail-covered altar of Cheibriados.
  4194 | D:5      | Noticed Pikel
  4195 | D:5      | Noticed Pikel
  4195 | D:5      | Pikel changed into Pikel the spriggan
  4224 | D:5      | Killed Pikel the spriggan
  4224 | D:5      | Reached *** piety under Okawaru
  4539 | D:6      | Reached skill level 5 in Shields
  4626 | D:6      | Found an ancient bone altar of Kikubaaqudgha.
  4627 | D:6      | Found a sparkling altar of Nemelex Xobeh.
  4659 | D:6      | Reached XP level 9. HP: 57/79 MP: 9/9
  4885 | D:6      | Found a staircase to the Ecumenical Temple.
  5193 | D:6      | Reached skill level 9 in Axes
  5193 | D:6      | Reached skill level 5 in Throwing
  5416 | D:7      | Noticed Menkaure
  5441 | D:7      | HP: 2/79 [Menkaure (9)]
  5442 | D:7      | Mangled by Menkaure

Illustrated notes

Levels and vault maps discovered:
D:1:      ebering_trefoil_twist, layout_basic, minivault_5,
          kennysheep_small_spiral, corexii_item_surrounded_by_moat,
          minmay_misc_feat_enclosed, kennysheep_another_room
D:2:      lemuel_upstairs_altar, layout_basic, overflow_temple_1_default,
          first_ration, uniq_robin, uniq_jessica
D:3:      kennysheep_the_goblin_king, layout_basic, gammafunk_ghost_grave,
          kennysheep_doodads, grunt_decor_one_mirror
D:4:      layout_basic, grunt_temple_overflow_open
D:5:      layout_cave_pods, basic_altar, minmay_misc_feat_secret_circle,
          uniq_pikel
D:6:      layout_layer_cave, gammafunk_temple_overflow_pools,
          minmay_temple_entry_nine_rooms, grunt_ministairs_2,
          kennysheep_generic_room_7
D:7:      wander_river, layout_loops_ring, uniq_crazy_yiuf_cottage,
          uniq_menkaure, uniq_maggie

Skill      XL: |  1  2  3  4  5  6  7  8  9 |
---------------+----------------------------+-----
Throwing       | 1 2 3 4 5 |  5.1
Fighting       | 4 5 6 7 |  7.3
Axes           | 3 4 5 6 7 8 9 |  9.2
Shields        | 4 5 |  5.7
Armour         | 4 5 |  5.7
Dodging        | |  0.4
Stealth        | |  0.2
Invocations    | |  0.1

Action                   |  1- 3 |  4- 6 |  7- 9 || total
-------------------------+-------+-------+-------++-------
Melee: War axe           |   109 |   102 |   319 ||   530
Throw: Dart              |     5 |     8 |    24 ||    37
       Boomerang         |       |       |    36 ||    36
Invok: Heroism           |       |     1 |     1 ||     2
Evoke: Wand              |       |       |     1 ||     1
  Use: Potion            |     4 |     2 |     4 ||    10
       Scroll            |       |     3 |     4 ||     7
  Eat: Chunk             |     2 |     3 |     8 ||    13
       Ration            |       |       |     5 ||     5
Armor: Scale mail        |     8 |       |       ||     8
       Chain mail        |    69 |    62 |       ||   131
       Plate armour      |       |     2 |   181 ||   183
Dodge: Dodged            |    33 |    32 |    40 ||   105
Block: Kite shield       |    60 |    47 |   150 ||   257
